 Dungeon Crawl Stone Soup version 0.25.1-8-g42b30a86e7 (webtiles) character file.

Game seed: 12100844782585592018

1294 Destapler the Ruffian (level 8, 0/120 HPs)
             Began as a Troll Berserker on Dec 22, 2020.
             Was an Elder of Trog.
             Slain by a rust devil (12 damage)
             ... on level 6 of the Dungeon.
             The game lasted 00:10:34 (4222 turns).

Destapler the Ruffian (Troll Berserker)             Turns: 4222, Time: 00:10:34

Health: 0/120      AC: -36   Str: 28    XL:     8   Next: 30%
Magic:  7/7        EV: 14    Int:  3    God:    Trog [****..]
Gold:   2414       SH:  0    Dex:  9    Spells: 7/7 levels left

rFire    . . .     SeeInvis +     - Unarmed
rCold    . . .     Gourm    +   (no shield)
rNeg     . . .     Faith    .   a - +1 animal skin
rPois    .         Spirit   .   (helmet restricted)
rElec    .         Reflect  .   (no cloak)
rCorr    .         Harm     .   (gloves unavailable)
MR       .....                  (boots unavailable)
Stlth    ..........             (no amulet)
HPRegen  0.70/turn              c - +4 ring of evasion
MPRegen  0.10/turn              u - ring of see invisible

@: berserking (expiring), corroded, drained, very quick
A: large, unfitting armour, claws 3, fast metabolism 3, gourmand, regeneration
1, shaggy fur 1, tough skin 3
a: Berserk, Trog's Hand, Brothers in Arms, Renounce Religion


You were on level 6 of the Dungeon.
You worshipped Trog.
Trog was greatly pleased with you.
You were very full.

You visited 1 branch of the dungeon, and saw 6 of its levels.
You also visited: Ossuary.

You collected 2414 gold pieces.

Inventory:

Hand Weapons
 p - a +2 mace of holy wrath
Missiles
 j - 16 poisoned darts (quivered)
 o - 6 boomerangs
 q - 3 curare-tipped darts
Armour
 a - a +1 animal skin (worn)
Jewellery
 c - a +4 ring of evasion (left claw)
 u - a ring of see invisible (right claw)
Scrolls
 g - 5 scrolls of remove curse
 h - 3 scrolls of magic mapping
 i - 8 scrolls of identify {unknown}
 l - 4 scrolls of teleportation {unknown}
 r - 2 scrolls of amnesia {unknown}
 v - 2 scrolls of enchant weapon {unknown}
 w - a scroll of fear {unknown}
 x - 2 scrolls of noise {unknown}
Potions
 d - 10 potions of curing {unknown}
 k - a potion of mutation {unknown}
 m - 4 potions of heal wounds {unknown}
 n - a potion of invisibility {unknown}
 s - a potion of might {unknown}
 t - a potion of flight {unknown}
Comestibles
 b - 12 rations
 f - a chunk of flesh


   Skills:
 + Level 5.0(4.1) Fighting
 + Level 4.5(3.7) Throwing
 - Level 3.0(2.2) Armour
 - Level 3.0(2.2) Dodging
 + Level 6.0(5.1) Unarmed Combat


You had 7 spell levels left.
You didn't know any spells.
Your spell library contained the following spells:

 Spells                   Type           Power        Failure   Level  Hunger
 Animate Skeleton         Necr           N/A          52%         1    ##.....
 Apportation              Tloc           #.....       52%         1    ##.....
 Corona                   Hex            #......      52%         1    ##.....
 Summon Small Mammal      Summ           #...         52%         1    ##.....


Dungeon Overview and Level Annotations

Branches:
Dungeon (6/15)             Temple (0/1) D:4         Ossuary (visited)

Altars:
Elyvilon
Hepliaklqana
Makhleb
Qazlal
Ru


Innate Abilities, Weirdness & Mutations

You are too large for most types of armour.
You have claws for hands.
Your metabolism is lightning-fast.
You like to eat raw meat.
Your natural rate of healing is unusually fast.
You are covered in fur. (AC +1)
You have extremely tough skin. (AC +3)


Message History

The rust devil corrodes you!
You claw the rust devil!
The rust devil is heavily wounded.
You scratch the rust devil but do no damage.
The rust devil is heavily wounded.
The rust devil hits you.
* * * LOW HITPOINT WARNING * * *
The rust devil corrodes you! The rust devil barely misses you.
You scratch the rust devil but do no damage.
You claw the rust devil, but do no damage.
The rust devil is heavily wounded.
The rust devil closely misses you.
You scratch the rust devil but do no damage.
The rust devil is heavily wounded.
The rust devil barely misses you.
You scratch the rust devil but do no damage.
The rust devil is heavily wounded.
You hear the slow rusting of a distant drain.
The rust devil hits you!
You die...

#...........#.##....
*#.............#,....
*....................
*##.............#....
##..##...###....#,,,,
###...##....#*#.....,,,
#...........#**....#,,,
**#...44....#*,,...*,,,
#.##@#.#........,,,,,
***#.#.#...#.##.,,,,,
##..........,,,,,,
#......#....,,,**
###....#.#..,,,**
##.###*#*#,,,,* *****
**...*****,,,,,,
*,,,***
*,,,##*,,,,,,*,*
*,,,,,****
**,,**,,,,**,***


You could see 2 rust devils.

Vanquished Creatures
  An orc warrior (D:6)
  An ogre (D:3)
  A centaur (D:5)
  7 water moccasin zombies (Ossuary)
  2 crimson imps (D:5)
  A gnoll shaman (D:4)
  A hound (D:5)
  3 orc priests
  A centaur skeleton (D:3)
  3 worker ants
  3 big kobold zombies (Ossuary)
  2 mummies (Ossuary)
  A worker ant zombie (D:5)
  3 adders
  3 gnolls (D:4)
  3 adder zombies (Ossuary)
  An adder skeleton (D:5)
  4 worms
  A dart slug (D:2)
  4 leopard geckos
  24 orcs
  2 ball pythons (D:3)
  10 bats
  4 giant cockroaches
  5 gnoll zombies (Ossuary)
  16 goblins
  13 hobgoblins
  11 jackals
  3 quokkas
  7 frilled lizards
  5 hobgoblin zombies (Ossuary)
  5 kobolds
  3 kobold zombies (Ossuary)
  2 leopard gecko skeletons
  6 orc zombies (Ossuary)
  9 rats
171 creatures vanquished.

Notes
Turn   | Place    | Note
-------+----------+-------------------------------------------
     0 | D:1      | Destapler the Troll Berserker began the quest for the Orb.
     0 | D:1      | Reached XP level 1. HP: 22/22 MP: 0/0
   187 | D:1      | Reached XP level 2. HP: 29/29 MP: 1/1
   893 | D:2      | Reached ** piety under Trog
   893 | D:2      | Reached XP level 3. HP: 36/36 MP: 2/2
   904 | D:2      | Reached skill level 1 in Throwing
   931 | D:2      | Reached skill level 1 in Armour
  1099 | D:2      | Reached XP level 4. HP: 40/44 MP: 3/3
  1108 | D:2      | Found a hazy altar of Hepliaklqana.
  1123 | D:2      | Found a burning altar of Makhleb.
  1127 | D:2      | Found a stormy altar of Qazlal.
  1319 | D:2      | Found a white marble altar of Elyvilon.
  1709 | D:3      | Reached *** piety under Trog
  1822 | D:3      | Reached XP level 5. HP: 53/53 MP: 4/4
  2007 | D:3      | Reached skill level 4 in Unarmed Combat
  2269 | D:3      | Noticed an ogre
  2290 | D:3      | Killed an ogre
  2290 | D:3      | Reached XP level 6. HP: 46/61 MP: 5/5
  2833 | D:4      | Found a sacrificial altar of Ru.
  2881 | D:4      | Found a staircase to the Ecumenical Temple.
  3208 | D:5      | Entered Level 5 of the Dungeon
  3235 | D:5      | Found a sand-covered staircase.
  3250 | D:5      | Reached XP level 7. HP: 19/68 MP: 6/6
  3354 | Ossuary  | Entered an ossuary
  3381 | Ossuary  | Reached **** piety under Trog
  3434 | Ossuary  | Reached skill level 5 in Unarmed Combat
  3581 | Ossuary  | Reached XP level 8. HP: 76/79 MP: 7/7
  4069 | D:6      | Identified a scroll of acquirement
  4069 | D:6      | Acquired 2030 gold pieces
  4114 | D:5      | Noticed a rust devil
  4114 | D:5      | Noticed a rust devil
  4128 | D:6      | Reached skill level 5 in Fighting
  4128 | D:6      | Reached skill level 6 in Unarmed Combat
  4222 | D:6      | Slain by a rust devil

Illustrated notes

Levels and vault maps discovered:
D:1:      dpeg_arrival_chambers_temple_mockup, layout_loops_ring
D:2:      layout_basic, gammafunk_temple_overflow_forgotten, first_ration,
          elyvilon_altar_1
D:3:      layout_basic, grunt_ministairs_15, minmay_ogre_servants
D:4:      layout_basic, hangedman_ru_absence, minmay_temple_entry_steel_oval
D:5:      cheibrodos_iron_armory, layout_rooms, enter_ossuary_2
D:6:      layout_cave_pools, ashenzari_conservatory_becter,
          gup_sewer_entry_bubbles, solitary_fountain, uniq_duvessa

Skill      XL: |  1  2  3  4  5  6  7  8 |
---------------+-------------------------+-----
Throwing       | 1 2 3 4 |  4.5
Armour         | 1 2 3 |  3.0
Fighting       | 3 4 5 |  5.0
Dodging        | 3 |  3.0
Unarmed Combat | 4 5 6 |  6.0

Action                   |  1- 3 |  4- 6 |  7- 9 || total
-------------------------+-------+-------+-------++-------
Melee: Unarmed           |   115 |   221 |   175 ||   511
       Punch             |     1 |     2 |     4 ||     7
Throw: Dart              |       |     3 |       ||     3
Invok: Berserk           |       |     1 |     3 ||     4
       Trog's Hand       |       |       |     1 ||     1
  Use: Scroll            |       |       |     4 ||     4
 Stab: Sleeping          |       |     1 |       ||     1
  Eat: Chunk             |    16 |    20 |    12 ||    48
Armor: Animal skin       |    60 |    87 |    49 ||   196
Dodge: Dodged            |    90 |   161 |    95 ||   346
